 Dungeon Sprint DCSS version 0.20.1-1-g8b1a95d (webtiles) character file.

232 potatolord6000 the Magician (level 5, -7/33 HPs)
             Began as a Deep Elf Summoner on Aug 30, 2017.
             Was a Priest of Sif Muna.
             Killed from afar by a deep elf mage (25 damage)
             ... with a bolt of fire
             ... in the Dungeon (Sprint VII: "The Pits").
             The game lasted 00:03:07 (580 turns).

potatolord6000 the Magician (Deep Elf Summoner)      Turns: 580, Time: 00:03:08

Health: -7/33      AC:  2    Str:  5    XL:     5   Next: 73%
Magic:  3/17       EV: 16    Int: 21    God:    Sif Muna [***...]
Gold:   0          SH:  0    Dex: 15    Spells: 7/19 levels left

rFire    . . .     SeeInvis .   q - +0 long sword (flame)
rCold    . . .     Gourm    .   (no shield)
rNeg     . . .     Faith    .   a - +0 robe
rPois    .         Spirit   .   (no helmet)
rElec    .         Reflect  .   (no cloak)
rCorr    .         Harm     .   (no gloves)
MR       .....     NoTele   +   (no boots)
Stlth    ++........             (no amulet)
Regen    0.2/turn               (no ring)
MPRegen  0.2/turn               (no ring)

@: no status effects
A: no striking features
a: Divine Energy, Channel Magic, Renounce Religion


You were in the Dungeon.
You worshipped Sif Muna.
Sif Muna was most pleased with you.
You were not hungry.

You visited 1 branch

Inventory:

Hand Weapons
 q - a +0 long sword of flaming (weapon)
Armour
 a - a +0 robe (worn)
Scrolls
 i - a scroll of blinking
 l - 3 scrolls of remove curse
 m - 5 scrolls of amnesia
 n - a scroll of summoning
Potions
 d - 6 potions of curing
 e - 6 potions of heal wounds
 f - a potion of haste
 g - 4 potions of magic
 h - 3 potions of berserk rage
 j - a potion of might {unknown}
 k - 2 potions of invisibility
Books
 b - a book of Callings

   Spells                             Type                      Level
   a - Summon Small Mammal            Summoning                    1
   b - Call Imp                       Summoning                    2
   c - Call Canine Familiar           Summoning                    3
   d - Summon Guardian Golem          Hexes/Summoning              3
   e - Summon Lightning Spire         Summoning/Air                4
   f - Summon Ice Beast               Ice/Summoning                4
Comestibles
 c - 8 bread rations
 o - 40 fruits
 p - 7 meat rations


   Skills:
 + Level 4.3 Fighting
 + Level 4.4 Long Blades
 + Level 6.8 Dodging
 - Level 2.4 Stealth
 + Level 7.5 Spellcasting
 + Level 7.4 Summonings


You had 7 spell levels left.
You knew the following spells:

 Your Spells              Type           Power        Failure   Level  Hunger
a - Summon Small Mammal   Summ           ####         1%          1    None
b - Call Canine Familiar  Summ           #####...     1%          3    None
c - Summon Ice Beast      Ice/Summ       ###.....     19%         4    ###....
d - Summon Lightning Spi  Summ/Air       ###.....     19%         4    ###....


Dungeon Overview and Level Annotations

Branches:
Dungeon (1/1)

Altars:
Ashenzari
Cheibriados
Dithmenos
Elyvilon
Fedhas
Gozag
Hepliaklqana
Kikubaaqudgha
Makhleb
Nemelex Xobeh
Okawaru
Qazlal
Ru
Sif Muna
Trog
Uskayaw
Vehumet
Xom
Yredelemnul
Zin
The Shining One
Beogh
Jiyva
Lugonu


Message History

Your ice beast misses the deep elf mage.
Unknown command.
Your ice beast hits the deep elf mage.
Your ice beast freezes the deep elf mage!
Send 'em back where they came from!
Your wolf shudders.
Your ice beast shudders. x2
Your ice beast disappears in a puff of smoke!
Unknown command.
Your ice beast hits the deep elf mage.
Your ice beast freezes the deep elf mage!
The deep elf mage casts a spell at you. The bolt of fire hits your ice beast.
Your ice beast melts!
Your ice beast dies!
The bolt of fire hits your wolf.
Your wolf dies!
Your wolf's corpse disappears in a puff of smoke!
The bolt of fire hits you!
Ouch! That really hurt!
You die...

#.#........##.......#
#)###########.......#
#.†.....# #########
#..###..# #.......#
##.###.## #.§.....#
#..###.Y#+#
#.....@§'e#
###########


You could see a deep elf mage and a friendly ice beast.

Vanquished Creatures
  A floating eye (D)
  An ooze (D)
  A ball python skeleton (D)
3 creatures vanquished.

Vanquished Creatures (collateral kills)
  Sigmund (D)
  A gnoll shaman (D)
  4 gnolls (D)
  An ufetubus (D)
  An adder zombie (D)
  An adder skeleton (D)
  A bat skeleton (D)
  3 jackals (D)
  3 frilled lizards (D)
  2 kobolds (D)
  A rat (D)
19 creatures vanquished.

Grand Total: 22 creatures vanquished

Notes
Turn   | Place    | Note
-------+----------+-------------------------------------------
     0 | D        | potatolord6000 the Deep Elf Summoner began the quest for the Orb.
     0 | D        | Reached XP level 1. HP: 10/10 MP: 6/6
    56 | D        | Found a bloodstained altar of Trog.
    56 | D        | Found a deep blue altar of Sif Muna.
    56 | D        | Found a viscous altar of Jiyva.
    56 | D        | Found a hazy altar of Hepliaklqana.
    56 | D        | Found an opulent altar of Gozag.
    57 | D        | Found a glowing golden altar of the Shining One.
    57 | D        | Found a glowing silver altar of Zin.
    57 | D        | Found a basalt altar of Yredelemnul.
    57 | D        | Found a shimmering altar of Xom.
    57 | D        | Found a sacrificial altar of Ru.
    57 | D        | Found a stormy altar of Qazlal.
    57 | D        | Found an iron altar of Okawaru.
    57 | D        | Found a sparkling altar of Nemelex Xobeh.
    57 | D        | Found a burning altar of Makhleb.
    57 | D        | Found a blossoming altar of Fedhas.
    57 | D        | Found a white marble altar of Elyvilon.
    57 | D        | Found a shadowy altar of Dithmenos.
    57 | D        | Found a snail-covered altar of Cheibriados.
    60 | D        | Found a corrupted altar of Lugonu.
    60 | D        | Found a radiant altar of Vehumet.
    60 | D        | Found a roughly hewn altar of Beogh.
    61 | D        | Found an ancient bone altar of Kikubaaqudgha.
    61 | D        | Found a hide-covered altar of Uskayaw.
    61 | D        | Found a shattered altar of Ashenzari.
    62 | D        | Became a worshipper of Sif Muna the Loreminder
    77 | D        | Noticed a floating eye
    82 | D        | Reached skill level 1 in Fighting
    82 | D        | Paralysed by a floating eye for 2 turns
    84 | D        | Killed a floating eye
    84 | D        | Reached * piety under Sif Muna
    84 | D        | Reached skill level 5 in Dodging
    84 | D        | Reached skill level 5 in Spellcasting
    84 | D        | Reached XP level 2. HP: 16/19 MP: 3/10
    84 | D        | Reached XP level 3. HP: 19/23 MP: 3/12
    84 | D        | Reached XP level 4. HP: 23/28 MP: 3/13
   163 | D        | Learned a level 3 spell: Call Canine Familiar
   168 | D        | Learned a level 4 spell: Summon Ice Beast
   173 | D        | Learned a level 4 spell: Summon Lightning Spire
   227 | D        | Reached ** piety under Sif Muna
   228 | D        | Reached XP level 5. HP: 29/32 MP: 6/16
   327 | D        | Noticed Sigmund
   423 | D        | Killed Sigmund
   443 | D        | Reached *** piety under Sif Muna
   575 | D        | Noticed a deep elf mage
   580 | D        | Killed from afar by a deep elf mage

Skill      XL: |  1  2  3  4  5 |
---------------+----------------+-----
Fighting       | 3 4 |  4.3
Long Blades    | 3 4 |  4.4
Dodging        | 5 6 |  6.8
Spellcasting   | 5 6 7 |  7.5
Summonings     | 6 7 |  7.4
Stealth        | |  2.4

Action                   |  1- 3 |  4- 6 || total
-------------------------+-------+-------++-------
Melee: Falchion          |     4 |    12 ||    16
       Long sword        |       |     2 ||     2
 Cast: Summon Small Mamm |     8 |     3 ||    11
       Summon Ice Beast  |       |     8 ||     8
       Call Canine Famil |       |     4 ||     4
 Stab: Sleeping          |     1 |       ||     1
Armor: Robe              |       |     5 ||     5
Dodge: Dodged            |     1 |    14 ||    15
       Rpst.: Falchion   |     1 |     3 ||     4
       Long sword        |       |     1 ||     1
